Map: 16-Bit LE

Players

TNDGAMING - Winner!

  • Race: Terran Terran
  • Spawn Location: 1:00

Keegankid

  • Race: Terran Terran
  • Spawn Location: 7:00

VOD

Have the link to the VOD?

Description

Time

  • Played on: Dec. 22, 2022, 1:35 p.m.
  • Length: 62:59
Show
View Real Time Build Order
Export as new Build Order

TNDGAMING Terran - Winner!

Build Orders:  

Get SALT Encoding   

  12  1:17  Refinery  
  12  1:34  Refinery  
  12  2:12  SCV  
  13  2:24  SCV  
  14  3:28  SCV  
  15  4:31  Supply Depot  
  15  5:00  Supply Depot  
  15  5:17  SCV  
  16  5:29  SCV  
  17  5:41  SCV  
  18  5:53  Engineering Bay, SCV  
  19  6:05  SCV  
  20  6:17  SCV  
  21  6:29  SCV  
  22  6:41  SCV  
  23  6:53  SCV  
  24  7:06  SCV  
  25  7:18  SCV  
  26  7:24  Missile Turret  
  26  7:39  Barracks  
  26  7:46  SCV  
  28  7:58  SCV  
  28  8:10  SCV  
  29  8:22  SCV  
  30  8:34  SCV  
  31  9:39  Supply Depot  
  31  9:46  Supply Depot  
  31  10:00  Marine, SCV  
  33  10:12  SCV  
  34  10:18  Marine  
  35  10:24  SCV  
  36  10:35  Marine  
  36  10:36  SCV  
  38  10:49  SCV  
  39  10:53  Marine  
  40  11:11  Marine  
  41  11:29  Reaper  
  42  12:01  Reaper  
  43  12:33  Marine  
  44  12:51  Marine  
  45  13:09  Marine  
  46  13:27  Marine  
  33  14:34  Reaper  
  29  14:52  SCV  
  30  15:04  SCV  
  30  15:06  Marine  
  32  15:16  SCV  
  33  15:24  Reaper  
  33  15:28  SCV  
  35  15:40  SCV  
  36  15:52  SCV  
  36  15:56  Marine  
  38  16:04  SCV  
  39  16:14  Reaper  
  39  16:16  SCV  
  41  16:24  Command Center  
  41  16:43  Refinery  
  41  16:46  Marine  
  42  16:55  Engineering Bay  
  42  17:04  Reaper  
  42  17:06  Barracks  
  43  17:36  Marine  
  40  17:54  Marine  
  41  18:12  Reaper  
  39  18:44  Reaper  
  32  19:16  Reaper  
  33  19:36  Command Center  
  33  19:48  Reaper  
  33  19:49  Refinery  
  34  19:54  Supply Depot  
  34  20:02  SCV  
  35  20:15  SCV  
  35  20:20  Reaper  
  37  20:27  SCV  
  37  20:28  Reaper  
  39  20:39  SCV  
  39  20:51  SCV  
  39  20:52  Reaper  
  41  21:00  Reaper  
  42  21:24  Reaper  
  43  21:26  SCV  
  43  21:32  Reaper  
  45  21:38  SCV  
  46  21:47  SCV  
  47  21:50  SCV  
  48  21:56  Reaper  
  49  22:04  Reaper  
  50  22:26  SCV  
  50  22:29  Reaper  
  52  22:36  Reaper  
  53  22:50  SCV  
  54  23:00  Marine  
  55  23:08  Reaper  
  56  23:18  Marine  
  57  23:36  Marine  
  57  23:38  SCV  
  57  23:40  Reaper  
  60  23:50  SCV  
  60  23:54  Marine  
  62  24:02  SCV  
  62  24:06  Command Center  
  63  24:12  Reaper  
  63  24:15  SCV  
  65  24:27  SCV  
  66  24:47  Barracks  
  65  25:16  SCV  
  66  25:28  SCV  
  67  25:40  SCV x2  
  69  25:52  SCV  
  69  25:53  SCV  
  71  26:05  SCV x2  
  73  26:17  SCV  
  74  26:29  SCV  
  75  27:36  Barracks  
  74  27:43  Reaper  
  74  28:03  Barracks  
  74  28:16  Reaper  
  75  28:48  Reaper  
  76  28:54  Marine  
  77  29:00  Marine  
  78  29:12  Marine  
  79  29:18  Marine  
  79  29:20  Reaper  
  81  29:29  Supply Depot, Marine  
  82  29:35  Marine  
  83  29:47  Marine  
  83  29:52  Reaper  
  85  29:53  Marine  
  86  30:05  Marine  
  87  30:11  Marine  
  87  30:13  SCV  
  89  30:24  Marine  
  89  30:25  SCV  
  91  30:29  Reaper  
  92  30:38  SCV  
  92  30:42  Marine  
  94  30:50  SCV  
  95  31:01  Reaper  
  95  31:02  SCV  
  97  31:33  Reaper  
  98  31:59  SCV  
  99  32:11  SCV  
  100  32:23  SCV  
  101  32:30  Command Center  
  101  32:33  Reaper  
  101  32:35  SCV  
  103  32:45  Barracks Reactor  
  103  32:47  SCV  
  104  33:05  Reaper  
  105  33:37  Reaper  
  106  33:57  Supply Depot  
  106  34:04  Supply Depot  
  106  34:09  Reaper  
  107  34:24  Marine  
  107  34:25  Marine  
  109  34:34  SCV  
  110  34:41  Reaper  
  110  34:42  Marine x2  
  113  34:46  SCV  
  113  34:50  Barracks  
  114  34:58  SCV  
  115  35:00  Marine x2  
  117  35:10  SCV  
  117  35:13  Reaper  
  119  35:18  Marine x2  
  121  35:22  SCV  
  121  35:45  Reaper  
  122  35:59  Barracks Tech Lab  
  122  36:18  Reaper  
  123  36:28  Barracks Tech Lab  
  123  36:35  Barracks Tech Lab  
  123  36:53  Barracks Reactor  
  123  37:08  Barracks Reactor  
  123  37:30  Command Center  
  123  37:58  Marauder  
  125  38:05  Marauder  
  127  38:19  Marauder  
  129  38:40  Marauder  
  131  39:02  Marauder  
  133  39:12  Command Center  
  131  39:19  SCV  
  131  39:23  Marauder  
  134  39:24  SCV  
  134  39:29  SCV  
  136  39:31  SCV  
  136  39:35  SCV  
  136  39:36  SCV  
  139  39:41  SCV  
  139  39:43  SCV  
  141  39:47  SCV  
  141  39:48  SCV  
  143  39:53  SCV  
  143  39:55  SCV  
  143  39:59  SCV  
  146  40:00  SCV  
  146  40:05  SCV  
  148  40:07  Supply Depot, SCV  
  148  40:11  SCV  
  148  40:12  SCV  
  148  40:14  Supply Depot  
  151  40:17  SCV  
  152  40:23  SCV  
  153  40:42  Marauder  
  155  40:54  Barracks  
  155  41:03  Marauder  
  157  41:13  SCV  
  157  41:17  SCV  
  159  41:22  SCV  
  159  41:25  SCV, Marauder  
  163  41:26  SCV  
  163  41:29  SCV  
  163  41:31  SCV  
  165  41:34  SCV  
  165  41:37  SCV  
  165  41:38  SCV  
  168  41:41  SCV  
  168  41:44  SCV  
  168  41:46  SCV, Marauder  
  173  41:49  SCV  
  173  41:50  SCV  
  173  41:54  SCV  
  176  41:56  SCV  
  176  41:58  SCV  
  176  41:59  Barracks  
  177  42:01  SCV  
  177  42:02  SCV  
  177  42:06  SCV  
  177  42:07  Marauder  
  177  42:08  SCV  
  182  42:10  SCV  
  182  42:14  SCV  
  184  42:20  SCV  
  185  42:30  Reaper  
  185  42:57  Supply Depot  
  185  42:59  Supply Depot  
  185  43:00  Marauder  
  185  43:19  Reaper, Marauder  
  188  43:22  Marauder  
  189  43:40  Supply Depot  
  189  43:41  Marauder  
  191  43:43  Marauder  
  191  43:45  Supply Depot, SCV  
  194  43:50  SCV  
  194  43:51  Reaper  
  194  43:53  SCV  
  195  43:57  SCV  
  195  44:02  SCV, Marauder  
  199  44:03  SCV  
  200  44:26  Supply Depot  
  200  44:31  Supply Depot  
  200  45:10  Supply Depot  
  175  45:41  Marauder  
  175  45:54  SCV  
  167  46:02  Marauder  
  132  46:04  Barracks  
  132  46:06  SCV  
  133  46:18  SCV  
  134  46:24  Marauder  
  136  46:26  Reaper  
  136  46:30  SCV  
  136  46:42  SCV  
  136  46:45  Marauder  
  137  46:58  Marauder  
  139  47:07  Marauder  
  127  47:28  Reaper  
  127  47:33  Barracks Tech Lab  
  127  47:52  Engineering Bay  
  125  48:21  Barracks  
  110  49:09  Supply Depot  
  108  49:13  Supply Depot  
  97  49:19  Supply Depot  
  77  49:54  Command Center  
  75  50:02  Barracks  
  75  50:10  Missile Turret  
  73  51:10  Command Center  
  39  52:22  Supply Depot, SCV  
  33  52:30  Supply Depot  
  33  52:34  SCV  
  10  52:46  SCV  
  7  53:26  Command Center  
  7  53:56  Supply Depot  
  7  54:35  Command Center  
  6  54:51  Command Center  
  6  55:00  SCV  
  7  55:12  SCV  
  8  55:19  Command Center  
  8  55:24  SCV  
  9  55:32  Command Center  
  8  55:36  SCV  
  9  55:48  SCV  
  10  56:05  Supply Depot  
  10  56:20  Barracks  
  10  56:35  SCV  
  10  56:37  Supply Depot  
  11  56:47  SCV  
  12  57:00  SCV  
  13  57:02  Barracks  
  13  57:05  Supply Depot  
  13  57:08  SCV  
  15  57:20  SCV  
  15  57:22  Command Center  
  12  57:30  Command Center  
  12  57:32  SCV  
  12  57:44  Barracks, SCV  
  14  57:51  SCV  
  14  57:56  SCV  
  14  58:11  Engineering Bay  
  14  58:18  Barracks  
  12  58:34  Barracks Reactor  
  12  58:54  Supply Depot  
  12  58:55  SCV  
  13  58:58  SCV  
  15  59:10  SCV  
  10  59:18  SCV  
  10  59:22  SCV  
  12  59:30  SCV  
  13  59:34  SCV  
  14  59:42  SCV  
  15  59:46  SCV  
  15  59:49  Barracks  
  15  59:54  SCV  
  16  60:00  Command Center  
  16  60:06  Barracks, SCV  
  17  60:10  Supply Depot  
  12  61:00  Barracks Tech Lab  
  12  61:06  SCV  
  11  61:15  Command Center  
  11  61:18  SCV  
  9  61:30  SCV  
  9  61:32  Command Center  
  9  61:42  SCV  
  9  62:09  Command Center  
  8  62:29  Supply Depot  
Show
View Real Time Build Order
Export as new Build Order

Keegankid Terran 

Build Orders:  

Get SALT Encoding   

  12  0:23  Refinery  
  12  0:48  Refinery  
  12  1:35  SCV  
  13  1:48  SCV  
  14  2:00  SCV  
  15  2:06  Supply Depot  
  15  2:28  SCV  
  16  2:30  Supply Depot  
  16  2:40  SCV  
  17  2:54  Supply Depot  
  17  3:18  Supply Depot  
  17  3:38  SCV  
  18  3:44  Engineering Bay  
  18  3:50  SCV  
  19  5:34  Barracks  
  19  6:00  Terran Infantry Weapons Level 1  
  19  6:43  Factory  
  19  7:08  Planetary Fortress  
  19  7:28  Ghost Academy  
  19  7:44  Reaper  
  20  7:52  Hellion  
  20  7:54  Terran Infantry Armor Level 1  
  22  8:01  Personal Cloaking  
  22  8:14  Hellion  
  22  8:16  Reaper  
  25  8:35  Hellion  
  27  8:48  Reaper  
  28  8:57  Widow Mine  
  30  9:18  Widow Mine  
  30  9:20  Reaper  
  33  9:26  Enhanced Shockwaves  
  33  9:39  Hellion  
  35  9:49  Hi-Sec Auto Tracking  
  35  9:52  Marine  
  36  10:01  Widow Mine  
  38  10:10  Reaper  
  39  10:18  Starport  
  39  10:22  Hellion  
  41  10:42  Marine  
  42  10:44  Hellion  
  42  10:45  Nuke  
  42  10:46  Neosteel Armor  
  44  10:56  Armory  
  44  11:00  Reaper  
  45  11:05  Hellion  
  47  11:19  Supply Depot  
  47  11:40  Liberator, Reaper  
  47  11:42  Supply Depot  
  51  12:05  Supply Depot  
  51  12:12  Reaper  
  52  12:16  Fusion Core  
  52  12:17  Terran Vehicle Weapons Level 1  
  52  12:23  Liberator  
  52  12:25  Terran Infantry Weapons Level 2  
  52  12:29  Supply Depot  
  55  12:45  Reaper  
  56  12:51  Supply Depot  
  56  13:06  Liberator  
  59  13:13  Supply Depot  
  59  13:16  Marine  
  60  13:34  Reaper  
  61  13:49  Liberator  
  64  14:07  Reaper  
  65  14:11  Terran Vehicle And Ship Armor Level 1  
  65  14:32  Liberator  
  68  14:41  Terran Infantry Armor Level 2  
  68  16:06  Terran Ship Weapons Level 1  
  68  16:17  Command Center  
  68  17:47  Refinery  
  68  18:11  Refinery  
  68  18:33  SCV  
  69  18:46  SCV  
  70  18:58  SCV  
  71  19:38  Orbital Command  
  71  20:16  SCV  
  72  20:28  SCV  
  73  20:46  SCV  
  74  20:58  SCV  
  75  21:10  SCV  
  76  21:22  SCV  
  77  21:32  SCV  
  78  21:34  SCV  
  79  21:44  SCV  
  79  21:46  SCV  
  81  21:56  SCV  
  81  21:59  SCV  
  83  22:20  SCV  
  84  22:32  SCV  
  84  22:36  Barracks Tech Lab  
  85  22:40  Starport Reactor  
  85  22:44  Terran Ship Weapons Level 2  
  85  22:47  Factory Reactor  
  85  22:56  Terran Infantry Armor Level 3  
  85  24:40  Hellbat x2  
  85  24:43  Ghost  
  91  24:59  Terran Vehicle Weapons Level 2  
  91  25:01  Hellbat x2  
  95  25:12  Ghost  
  97  25:22  Hellbat  
  97  25:23  Hellbat  
  101  25:33  Terran Infantry Weapons Level 3  
  101  25:41  Ghost  
  103  25:44  Hellbat x2  
  107  26:09  Ghost  
  109  27:15  Terran Vehicle And Ship Armor Level 2  
  109  27:25  Ghost  
  98  31:55  Supply Depot  
  98  32:16  Ghost  
  98  32:17  Viking  
  98  32:20  Supply Depot  
  102  32:41  Viking  
  104  32:45  Ghost  
  104  32:47  Viking  
  108  32:57  Supply Depot  
  108  33:11  Viking  
  110  33:18  Medivac  
  110  33:19  Marauder  
  114  33:21  Supply Depot  
  114  33:40  Marauder  
  116  33:41  Medivac  
  116  33:47  Supply Depot  
  285  33:48  Medivac  
  120  34:01  Marauder  
  122  34:11  Liberator  
  123  36:08  Viking  
  123  36:09  Liberator  
  128  36:13  Reaper  
  128  36:16  Hellbat  
  128  36:17  Widow Mine  
  133  36:35  Supply Depot  
  133  36:38  Hellion  
  135  36:56  Medivac, Hellbat, Marine  
  135  36:59  Widow Mine  
  142  37:22  Supply Depot  
  142  37:44  Hellbat, Hellion, Marauder  
  148  37:45  Supply Depot  
  148  38:04  Ghost  
  150  38:07  Widow Mine  
  150  38:09  Supply Depot  
  152  38:32  Supply Depot  
  152  38:55  Supply Depot  
  146  39:18  Supply Depot  
  146  39:41  Supply Depot  
  146  40:04  Supply Depot  
  146  40:28  Supply Depot  
  146  40:50  Supply Depot  
  146  41:13  Supply Depot  
  146  41:36  Supply Depot  
  146  41:58  Supply Depot  
  146  42:21  Supply Depot  
  146  42:44  Supply Depot  
  146  43:07  Supply Depot  
  146  43:31  Supply Depot  
  144  43:54  Supply Depot  
  144  43:59  Medivac x2  
  148  44:07  Marauder  
  150  44:14  Terran Vehicle Weapons Level 3  
  150  44:17  Widow Mine  
  150  44:18  Supply Depot, Widow Mine  
  154  44:28  Marauder  
  154  44:29  Medivac x2  
  160  44:39  Widow Mine x2  
  160  44:43  Supply Depot  
  164  44:49  Marauder  
  166  44:59  Medivac x2  
  170  45:00  Widow Mine x2  
  174  45:11  Marauder  
  167  45:22  Widow Mine x2  
  171  45:29  Medivac x2  
  171  45:32  Marauder  
  168  46:52  Terran Vehicle And Ship Armor Level 3  
  161  49:28  Hellion x12  
  161  49:29  Terran Ship Weapons Level 3  
Tags
 
Matchup
TvT
Race
Terran
Spawn Locations
Cross Positions
Add a new tag
Caveats
  • Supply blocks, unpowered buildings, or Contaminate may cause inaccurate times.
  • Supply counts are checked every 10 seconds.